 Dungeon Crawl Stone Soup version 0.28.0-53-g5a82cb258f (webtiles) character file.

Game seed: 6009907884271521241

18396 Revguard the Fighter (level 12, -1/105 HPs)
             Began as a Demonspawn Gladiator on July 12, 2022.
             Was an Elder of Okawaru.
             Slain by a fire elemental (6 damage)
             ... summoned by a deep elf pyromancer
             ... on level 13 of the Dungeon.
             The game lasted 00:31:23 (14953 turns).

Revguard the Fighter (Demonspawn Gladiator)        Turns: 14953, Time: 00:31:25

Health: -1/105     AC: 27    Str: 18    XL:     12   Next: 27%
Magic:  14/19      EV: 15    Int: 12    God:    Okawaru [****..]
Gold:   407        SH:  4    Dex: 16    Spells: 11/11 levels left

rFire   . . .      SeeInvis .   C - +1 great sword (venom)
rCold   . . .      Faith    .   (shield currently unavailable)
rNeg    . . .      Spirit   .   u - +0 plate armour
rPois   .          Reflect  .   c - +0 helmet
rElec   .          Harm     .   z - +1 cloak {Will+}
rCorr   .          Rampage  .   p - +0 pair of gloves
Will    +....                   B - +0 pair of boots
Stlth   ..........              (no amulet)
HPRegen 0.27/turn               m - ring of flight
MPRegen 0.16/turn               g - +4 ring of evasion

@: heroic, on berserk cooldown, flying, slowed, very slow
A: rugged brown scales 3, spiny 1, large bone plates 1, clever 1
a: Renounce Religion, Heroism, Finesse


You were on level 13 of the Dungeon.
You worshipped Okawaru.
Okawaru was greatly pleased with you.
You visited 2 branches of the dungeon, and saw 14 of its levels.

You collected 723 gold pieces.
You spent 316 gold pieces at shops.

Inventory:

Hand Weapons
 a - a +0 spectral long sword
 C - a +1 great sword of venom (weapon)
Armour
 c - a +0 helmet (worn)
 p - a +0 pair of gloves (worn)
 u - a +0 plate armour (worn)
 z - a +1 cloak of willpower (worn)
 B - a +0 pair of boots (worn)
Jewellery
 g - a +4 ring of evasion (right hand)
 h - a ring of ice
 m - a ring of flight (left hand)
 y - a ring of see invisible
 A - a ring of ice
 E - a ring of protection from cold
 L - a ring of see invisible
Wands
 b - a wand of polymorph (7)
 i - a wand of paralysis (13)
 o - a wand of flame (25)
Scrolls
 d - a scroll of blinking
 e - a scroll of fear
 j - 6 scrolls of teleportation
 k - 2 scrolls of noise
 l - 3 scrolls of magic mapping
 r - a scroll of vulnerability
 x - a scroll of fog
 F - 2 scrolls of enchant weapon
 J - a scroll of identify
 K - a scroll of enchant armour {unknown}
Potions
 f - a potion of resistance
 n - a potion of cancellation
 q - 2 potions of flight
 s - a potion of brilliance
 t - 4 potions of lignification
 v - 3 potions of berserk rage
 w - 2 potions of attraction
 D - 3 potions of curing
 H - 2 potions of mutation
 I - 2 potions of heal wounds


   Skills:
 * Level 10.6(15.6) Fighting
 + Level 7.1(12.1) Long Blades
 - Level 1.7(6.7) Throwing
 * Level 9.5(14.5) Armour
 + Level 7.2(12.2) Dodging
 + Level 9.4 Invocations
 + Level 7.0 Evocations


You had 11 spell levels left.
You didn't know any spells.
Your spell library contained the following spells:

 Spells                   Type           Power      Damage    Failure   Level
 Shock                    Conj/Air       0%         1d3       99%         1
 Blink                    Tloc           0%         N/A       100%        2
 Ensorcelled Hibernation  Hex/Ice        0%         N/A       100%        2
 Passwall                 Tmut/Erth      0%         N/A       100%        2
 Lesser Beckoning         Tloc           0%         N/A       100%        3
 Swiftness                Air            0%         N/A       100%        3
 Airstrike                Air            0%         N/A       100%        4
 Hailstorm                Conj/Ice       0%         3d3       100%        4
 Ice Form                 Ice/Tmut       0%         N/A       100%        4
 Olgreb's Toxic Radiance  Pois           0%         N/A       100%        4
 Alistair's Intoxication  Tmut/Pois      0%         N/A       100%        5
 Borgnjor's Vile Clutch   Necr/Erth      0%         N/A       100%        5
 Manifold Assault         Tloc           0%         N/A       100%        5
 Eringya's Noxious Bog    Tmut/Pois      0%         N/A       100%        6
 Ozocubu's Refrigeration  Ice            0%         4d5       100%        7
 Ignition                 Fire           0%         3d3       100%        8
 Summon Small Mammal      Summ           Unusable   N/A       N/A         1
 Call Canine Familiar     Summ           Unusable   N/A       N/A         3
 Summon Guardian Golem    Hex/Summ       Unusable   N/A       N/A         3
 Simulacrum               Ice/Necr       Unusable   N/A       N/A         6

Dungeon Overview and Level Annotations

Branches:
Dungeon (13/15)            Temple (1/1) D:6            Lair (0/6) D:8
    Orc (0/2) D:11
 Vaults: D:13-14

Altars:
Ashenzari
Cheibriados
Dithmenos
Elyvilon
Fedhas
Gozag
Hepliaklqana
Kikubaaqudgha
Makhleb
Nemelex Xobeh
Okawaru
Qazlal
Ru
Sif Muna
Trog
Uskayaw
Vehumet
Wu Jian
Xom
Yredelemnul
Zin
The Shining One

Shops:
D:6 *   D:10 **


Innate Abilities, Weirdness & Mutations

You are completely covered in rugged brown scales. (AC +3, +7% HP)
You are partially covered in sharp spines.
You are partially covered in large bone plates. (SH +4)
Your mind is acute. (Int +2)


Message History

You slice the slime creature!!
You kill the slime creature!
Okawaru accepts your kill.
The centaur warrior is struck by your spines.
The centaur warrior hits you but does no damage.
The centaur warrior barely misses you. You block the fire elemental's attack.
The troll is struck by your spines. The troll bites you!
* * * LOW HITPOINT WARNING * * *
The troll misses you. You block the troll's attack.
You are no longer berserk.
You are exhausted.
You feel yourself slow down.
The centaur warrior wields a +0 longbow.
The centaur warrior shoots an arrow.
The arrow closely misses you. The troll is struck by your spines.
The troll closely misses you. The troll claws you but does no damage.
The troll misses you.
As you read the scroll of fear, it crumbles to dust.
You assume a fearsome visage.
The centaur warrior looks frightened!
The troll looks frightened!
The fire elemental is unaffected. x2
The deep elf pyromancer looks frightened!
The fire elemental is struck by your spines.
The fire elemental barely misses you. You block the fire elemental's attack.
The deep elf pyromancer mumbles some strange words.
The deep elf pyromancer blinks!
The fire elemental is struck by your spines.
The fire elemental hits you.
The fire elemental is struck by your spines.
The fire elemental misses you. You block the fire elemental's attack.
The fire elemental hits you. The fire elemental burns you!
* * * LOW HITPOINT WARNING * * *
The fire elemental is struck by your spines.
The fire elemental closely misses you.
The fire elemental is struck by your spines.
The fire elemental barely misses you.
The fire elemental is struck by your spines.
The fire elemental hits you. The fire elemental burns you!
* * * LOW HITPOINT WARNING * * *
The fire elemental hits you. The fire elemental burns you!
You die...

#.......## .. #........##
.... .........# #.#.#
........## .##...
#........##..##
......#######....#...#....#
#......##.......#........#
###......#E@..............#
#..T....○○E##...#.........#
........°°.##..>#.......##
....>.......#...#........###
............###......)......
............................
..................).......##
...................)........
...................)))##....


You could see 2 fire elementals.

Vanquished Creatures
  A boulder beetle (D:11)
  A hydra (D:6)
  A centaur warrior (D:13)
  3 two-headed ogres
  3 ugly things
  4 cyclopes
  A gargoyle (D:12)
  A kobold demonologist (D:10)
  3 meliai (D:12)
  8 trolls
  5 slime creatures (D:13)
  Sigmund (D:2)
  3 shadows (D:11)
  A wyvern (D:9)
  2 wraiths
  11 yaks
  A steam dragon (D:9)
  3 vampire mosquitoes (D:10)
  An acid dragon (D:10)
  A water moccasin (D:9)
  3 ice beasts
  7 orc warriors
  5 ogres
  12 centaurs
  4 wolves (D:8)
  4 bullfrogs
  A wyvern zombie (D:8)
  2 scorpions
  4 killer bees
  4 wights (D:8)
  A howler monkey (D:11)
  5 electric eels (D:8)
  8 hounds
  7 orc priests
  Crazy Yiuf (D:6)
  A bullfrog skeleton (D:6)
  5 centaur zombies
  A gnoll shaman (D:6)
  2 jellies
  A centaur skeleton (D:7)
  Ijyb (D:2)
  An iguana (D:5)
  Natasha (thrice) (D:2)
  12 orc wizards
  A killer bee zombie (D:6)
  A hound skeleton (D:4)
  2 howler monkey zombies
  2 adders (D:2)
  12 gnolls
  3 worms
  A dart slug (D:1)
  34 orcs
  5 ball pythons
  4 endoplasms
  5 giant cockroaches
  13 goblins
  A hobgoblin (D:2)
  2 jackals (D:4)
  5 kobolds
  A quokka (D:4)
  3 bats
  9 rats
254 creatures vanquished.

Vanquished Creatures (others)
  4 orcs (D:8)
4 creatures vanquished.

Grand Total: 258 creatures vanquished

Notes
Turn   | Place    | Note
-------+----------+-------------------------------------------
     0 | D:1      | Revguard the Demonspawn Gladiator began the quest for the
                  | Orb.
     0 | D:1      | Reached XP level 1. HP: 16/16 MP: 1/1
   138 | D:1      | Gained mutation: You are partially covered in sharp spines.
                  | [demonic ancestry]
   138 | D:1      | Reached XP level 2. HP: 16/22 MP: 2/2
   655 | D:2      | Noticed Natasha
   658 | D:2      | Killed Natasha
   659 | D:2      | Reached skill level 1 in Armour
   659 | D:2      | Reached skill level 1 in Invocations
   659 | D:2      | Gained mutation: You are partially covered in rugged brown
                  | scales. (AC +1, +3% HP) [demonic ancestry]
   659 | D:2      | Reached XP level 3. HP: 20/28 MP: 3/3
  1225 | D:2      | Reached XP level 4. HP: 35/35 MP: 3/5
  1261 | D:2      | Noticed Natasha
  1266 | D:2      | Killed Natasha
  1267 | D:2      | Reached skill level 3 in Fighting
  1267 | D:2      | Reached skill level 1 in Evocations
  1346 | D:2      | Noticed Sigmund
  1371 | D:2      | Killed Sigmund
  1372 | D:2      | Reached XP level 5. HP: 29/43 MP: 6/6
  1372 | D:2      | Gained mutation: You are mostly covered in rugged brown
                  | scales. (AC +2, +5% HP) [demonic ancestry]
  1372 | D:2      | Reached XP level 6. HP: 29/50 MP: 7/7
  1812 | D:2      | Noticed Natasha
  1821 | D:2      | Killed Natasha
  1975 | D:2      | Noticed Ijyb
  2012 | D:2      | Killed Ijyb
  2854 | D:3      | You are sucked into a shaft and drop 1 floor!
  2937 | D:4      | Noticed an orc warrior
  2958 | D:4      | Killed an orc warrior
  2959 | D:4      | Reached skill level 4 in Fighting
  2968 | D:4      | Reached XP level 7. HP: 52/56 MP: 9/9
  3823 | D:5      | Entered Level 5 of the Dungeon
  4037 | D:5      | Gained mutation: You have sharp fingernails. [potion of
                  | mutation]
  4037 | D:5      | Gained mutation: Your magical capacity is low. (-10% MP)
                  | [potion of mutation]
  4038 | D:5      | Lost mutation: Your magical capacity is low. (-10% MP)
                  | [potion of mutation]
  4038 | D:5      | Lost mutation: You have sharp fingernails. [potion of
                  | mutation]
  4038 | D:5      | Gained mutation: Your mind is acute. (Int +2) [potion of
                  | mutation]
  4038 | D:5      | Gained mutation: You are partially covered in large bone
                  | plates. (SH +4) [potion of mutation]
  4304 | D:5      | Reached skill level 5 in Fighting
  4502 | D:5      | Reached XP level 8. HP: 65/65 MP: 10/10
  4909 | D:6      | Found an ancient bone altar of Kikubaaqudgha.
  4921 | D:6      | Found a broken altar of Ashenzari.
  5110 | D:6      | Found Kuuno's General Store.
  5217 | D:6      | Found a staircase to the Ecumenical Temple.
  5226 | Temple   | Entered the Ecumenical Temple
  5442 | D:6      | Noticed an eight-headed hydra
  5449 | D:6      | Killed an eight-headed hydra
  5450 | D:6      | Reached skill level 6 in Fighting
  5450 | D:6      | Reached skill level 5 in Armour
  5450 | D:6      | Reached skill level 5 in Invocations
  5450 | D:6      | Reached XP level 9. HP: 35/72 MP: 12/12
  5865 | D:6      | Found a runed translucent door.
  5866 | D:6      | Noticed Crazy Yiuf
  5875 | D:6      | Killed Crazy Yiuf
  6227 | D:6      | Bought a wand of acid (5) for 198 gold pieces
  6227 | D:6      | Bought a scroll of identify for 22 gold pieces
  6601 | D:7      | Reached skill level 5 in Dodging
  6606 | D:7      | Reached skill level 7 in Fighting
  6611 | D:7      | Reached skill level 5 in Long Blades
  7119 | D:8      | Noticed a cyclops
  7129 | D:8      | Killed a cyclops
  7130 | D:8      | Gained mutation: You are completely covered in rugged brown
                  | scales. (AC +3, +7% HP) [demonic ancestry]
  7130 | D:8      | Reached XP level 10. HP: 49/84 MP: 14/14
  7266 | D:8      | Reached skill level 5 in Evocations
  7347 | D:8      | Reached skill level 8 in Fighting
  7714 | D:8      | Found a staircase to the Lair.
  9059 | D:9      | Found a shimmering blue altar of Sif Muna.
  9734 | D:9      | Noticed a two-headed ogre
  9740 | D:9      | Killed a two-headed ogre
  9834 | D:10     | Entered Level 10 of the Dungeon
  9905 | D:10     | Found an opulent altar of Gozag.
  9999 | D:10     | Found Durphurch's Specific Store.
 10000 | D:10     | Found Foutt's General Store.
 10013 | D:10     | Bought a potion of cancellation for 96 gold pieces
 10170 | D:10     | Found a bloodstained altar of Trog.
 10184 | D:10     | Found an iron altar of Okawaru.
 10188 | D:10     | Became a worshipper of Warmaster Okawaru
 10194 | D:10     | Found a snail-covered altar of Cheibriados.
 10285 | D:10     | Reached XP level 11. HP: 61/93 MP: 16/16
 10288 | D:10     | Reached * piety under Okawaru
 10843 | D:11     | Reached skill level 9 in Fighting
 11032 | D:11     | Found a staircase to the Orcish Mines.
 11119 | D:11     | Noticed a two-headed ogre
 11128 | D:11     | Killed a two-headed ogre
 11325 | D:11     | Noticed a boulder beetle
 11369 | D:11     | Killed a boulder beetle
 11369 | D:11     | Reached ** piety under Okawaru
 11610 | D:11     | Noticed a brown ugly thing
 11617 | D:11     | Killed a brown ugly thing
 12256 | D:11     | Noticed a cyan ugly thing
 12268 | D:11     | Killed a cyan ugly thing
 12520 | D:11     | Reached *** piety under Okawaru
 12544 | D:11     | Reached skill level 10 in Fighting
 13084 | D:12     | Noticed a two-headed ogre
 13458 | D:12     | Reached **** piety under Okawaru
 13475 | D:12     | Killed a two-headed ogre
 13476 | D:12     | Reached XP level 12. HP: 17/103 MP: 18/18
 14422 | D:13     | Noticed a centaur warrior
 14495 | D:13     | Killed a centaur warrior
 14565 | D:13     | Noticed a centaur warrior
 14607 | D:13     | Identified the +3 ring mail of Somewhere Else {rElec rF+
                  | Str-3}
 14953 | D:13     | HP: 5/105 [fire elemental[a deep elf pyromancer] (14)]
 14953 | D:13     | Slain by a fire elemental

Illustrated notes

Levels and vault maps discovered:
D:1:      minmay_arrival_split_and_join, layout_basic
D:2:      kennysheep_the_goblin_king, layout_loops_cross, grunt_ministairs_14,
          chequers_serial_rivers_micro_d, minmay_misc_feat_roman, uniq_sigmund,
          uniq_natasha
D:3:      layout_basic, nrook_mini_vaults
D:4:      layout_loops_cross, eino_tiny_chamber
D:5:      layout_basic
D:6:      layout_loops_ring, kennysheep_mini_moat,
          mainiacjoe_overflow_big_doors, minmay_temple_entry_trees,
          serial_shops, nicolae_inconvenience_store, minmay_three_doors,
          uniq_crazy_yiuf_cottage
D:7:      layout_loops_ring, small_statue_intersection
D:8:      layout_rooms, erik_lair_island, minmay_misc_feat_nine_boxes
D:9:      layout_roguey, kennysheep_orc_sif_temple
D:10:     layout_loops_ring, old_standard_altar,
          grunt_temple_overflow_cloverleaf, nicolae_specific_store
D:11:     minmay_recursive_quarters, layout_grid_maze, orc_0_dummy,
          hangedman_corner_corridor
D:12:     layout_loops_ring
D:13:     layout_cave_pools
Temple:   dshaligram_water_room_temple

Skill      XL: |  1  2  3  4  5  6  7  8  9 10 11 12 |
---------------+-------------------------------------+-----
Armour         | 1 2 3 4 5 6 7 9 |  9.5
Invocations    | 1 2 3 5 6 7 9 |  9.4
Fighting       | 3 4 5 6 7 8 10 | 10.6
Long Blades    | 3 4 5 6 7 |  7.1
Dodging        | 3 4 5 6 7 |  7.2
Evocations     | 1 2 3 4 5 6 7 |  7.0
Throwing       | |  1.7

Action                   |  1- 3 |  4- 6 |  7- 9 | 10-12 || total
-------------------------+-------+-------+-------+-------++-------
Melee: Long sword        |    53 |   113 |   192 |    20 ||   378
       Punch             |     2 |       |     1 |       ||     3
       Great sword       |       |       |       |   313 ||   313
Throw: Throwing net      |       |     1 |     2 |       ||     3
Invok: Heroism           |       |       |       |     3 ||     3
       Finesse           |       |       |       |     1 ||     1
Evoke: Wand              |       |       |     7 |    20 ||    27
  Use: Potion            |       |     1 |     6 |     4 ||    11
       Scroll            |       |       |    16 |    10 ||    26
 Stab: Held in net/web   |       |       |     2 |       ||     2
       Paralysed         |       |       |       |     6 ||     6
Armor: Leather armour    |    19 |     6 |       |       ||    25
       Ring mail         |       |    24 |     1 |       ||    25
       Plate armour      |       |       |   110 |   322 ||   432
Dodge: Dodged            |    39 |    55 |    66 |   318 ||   478
Block: Other             |       |       |    24 |   106 ||   130
